 Dungeon Crawl Stone Soup version 0.31-a0-806-g0bc164a743 (webtiles) character file.

Game seed: 16533096061763848077

12988 Joey1 the Severer (level 11, 0/110 HPs)
             Began as a Minotaur Berserker on Sept 21, 2023.
             Was an Elder of Trog.
             Slain by an elephant (11 damage)
             ... on level 1 of the Lair of Beasts.
             The game lasted 00:28:04 (14844 turns).

Joey1 the Severer (Minotaur Berserker)             Turns: 14844, Time: 00:28:05

Health: 0/110      AC: 14    Str: 27    XL:     11   Next: 69%
Magic:  10/10      EV:  8    Int:  4    God:    Trog [****..]
Gold:   518        SH:  0    Dex:  9    Spells: 10/10 levels left

rFire   . . .        o - +0 war axe
rCold   . . .        (no shield)
rNeg    . . .        H - +0 plate armour
rPois   .            (helmet restricted)
rElec   .            (no cloak)
rCorr   .            B - +0 pair of gloves
SInv    .            (no boots)
Will    .....        (no amulet) Stlth
                     (no ring)
HPRegen 0.38/turn    (no ring)
MPRegen 0.12/turn

%: no passive effects
@: about to teleport
A: horns 2, retaliatory headbutt
a: Renounce Religion, Berserk, Trog's Hand, Brothers in Arms


You were on level 1 of the Lair of Beasts.
You worshipped Trog.
Trog was greatly pleased with you.
You visited 2 branches of the dungeon, and saw 12 of its levels.

You collected 683 gold pieces.
You spent 165 gold pieces at shops.

Inventory:

Hand Weapons
 a - a +0 hand axe
 o - a +0 war axe (weapon)
 t - a +0 morningstar
 J - a +4 hand axe
 L - a +1 trident of venom
Missiles
 l - 5 javelins
 p - 11 boomerangs (quivered)
 E - 17 poisoned darts
 K - 2 throwing nets
Armour
 b - a +0 animal skin
 d - a +0 ring mail
 y - a +0 chain mail
 B - a +0 pair of gloves (worn)
 H - a +0 plate armour (worn)
Jewellery
 g - an amulet of magic regeneration
Wands
 C - a wand of iceblast (32)
 F - a wand of flame (35)
Scrolls
 e - 2 scrolls of fear
 m - a scroll of silence
 n - 3 scrolls of noise
 q - a scroll of vulnerability
 r - a scroll of poison
 v - 4 scrolls of teleportation
 w - 2 scrolls of amnesia
 x - a scroll of blinking {unknown}
 D - 2 scrolls of revelation {unknown}
 I - 2 scrolls of enchant armour {unknown}
Potions
 c - 4 potions of curing
 f - 4 potions of brilliance
 h - 3 potions of enlightenment {unknown}
 i - a potion of degeneration {unknown}
 j - 2 potions of cancellation {unknown}
 k - 3 potions of might
 s - a potion of attraction {unknown}
 u - 3 potions of mutation {unknown}
 z - a potion of heal wounds
 A - a potion of haste
 G - a potion of invisibility {unknown}
 M - a potion of lignification {unknown}


   Skills:
 + Level 14.2 Fighting
 - Level 16.0 Axes
 - Level 7.0 Armour
 - Level 5.0 Dodging


You had 10 spell levels left.
You didn't know any spells.
Your spell library was empty.

Dungeon Overview and Level Annotations

Branches:
Dungeon (11/15)            Temple (0/1) D:5            Lair (1/5) D:8
    Orc (0/2) D:10

Altars:
Dithmenos
Elyvilon
Kikubaaqudgha
Okawaru
Qazlal
Sif Muna
Trog
Xom
Zin

Shops:
D:1 (   D:5 !   D:6 (   D:10 :

Annotations:
D:4 3 runed translucent doors, ratmeat3's ghost, amateur TrSh
D:9 exclusions: electric eel, plant and 3 more exclusions
D:11 1 runed translucent door, exclusion: 2 doors, ratmeat3's ghost, journeyman TrSh


Innate Abilities, Weirdness & Mutations

You have a pair of horns on your head.
You reflexively headbutt those who attack you in melee.


Message History

You stumble backwards!
A yak comes into view.
The elephant tramples your ogre.
Your ogre holds its ground!
The elephant barely misses your ogre.
You fail to use your ability.
The yak bellows!
The water moccasin hisses angrily.
You hear a bellow! x2
The bullfrog closely misses you.
The elephant tramples you but does no damage.
The elephant trunk-slaps you but does no damage.
Your ogre hits the elephant with a +0 giant spiked club!!!
The bullfrog hits you.
* * * LOW HITPOINT WARNING * * *
A yak comes into view.
The elephant tramples your ogre but does no damage.
The elephant trunk-slaps your ogre.
You hear a bellow! x2
As you read the scroll of teleportation, it crumbles to dust.
You feel strangely unstable.
The elephant tramples you but does no damage.
The elephant closely misses you. The bullfrog barely misses you.
Your ogre barely misses the elephant.
The elephant tramples you but does no damage.
The elephant trunk-slaps you but does no damage.
A yak comes into view. x2
The elephant tramples your ogre!
Your ogre stumbles backwards!
You hit the elephant but do no damage. You headbutt the elephant!
The elephant is almost dead.
You slash the bullfrog! You slash the black bear!
You hit the elephant but do no damage. The bullfrog hits you.
* * * LOW HITPOINT WARNING * * *
The elephant tramples you!
* * * LOW HITPOINT WARNING * * *
You hold your ground!
The elephant trunk-slaps you but does no damage.
A bullfrog comes into view.
Your ogre hits the elephant with a +0 giant spiked club!!!
The elephant dies!
Trog accepts your kill. The elephant attacks as it pursues you!
The elephant tramples you!
You die...

#.......#
#..F....#
##.....<.#
#P.†.....#
##.......#
#..O....#
#.Y.....#
###.###YF+..#.#
.......@#h8.#...
...$..##.S....YY
.....# Y......#
..... .......#
...# ........
... ....##.. .
#.8.# #. ...#


You could see 2 elephants, 2 yaks, a water moccasin, 2 bullfrogs and a friendly
ogre (summoned, berserk).

Vanquished Creatures
  Harold (D:11)
  A manticore (D:11)
  2 elephants (Lair:1)
  A black mamba (D:8)
  Maurice (D:9)
  An unseen horror (D:11)
  A gargoyle (D:11)
  A komodo dragon (D:10)
  2 trolls
  3 slime creatures (D:7)
  A shadow (D:9)
  16 yaks
  3 wyverns
  3 wraiths
  3 steam dragons
  3 acid dragons
  A water moccasin (D:6)
  A black bear (D:7)
  3 ice beasts
  5 sky beasts
  2 orc warriors
  2 ogres
  6 centaurs
  A phantom (D:6)
  A kobold brigand (D:9)
  2 bullfrogs
  2 scorpions
  3 wights (D:9)
  3 killer bees (D:9)
  4 howler monkeys
  An electric eel (D:9)
  A hound (D:5)
  3 jellies
  7 orc priests
  2 gnoll boudas
  9 iguanas
  6 sleepcaps
  3 orc wizards
  22 gnolls
  9 adders
  2 white imps (D:7)
  An ufetubus (D:6)
  A worm (D:2)
  5 dart slugs
  28 orcs
  11 ball pythons
  7 bats
  9 endoplasms
  3 giant cockroaches
  7 goblins
  5 hobgoblins
  6 quokkas
  3 frilled lizards (D:1)
  15 kobolds
  8 rats
253 creatures vanquished.

Vanquished Creatures (collateral kills)
  2 elephants (Lair:1)
  A rime drake (Lair:1)
3 creatures vanquished.

Vanquished Creatures (others)
  A steam dragon (D:8)
  An orc wizard (D:7)
2 creatures vanquished.

Grand Total: 258 creatures vanquished

Notes
Turn   | Place    | Note
-------+----------+-------------------------------------------
     0 | D:1      | Joey1 the Minotaur Berserker began the quest for the Orb.
     0 | D:1      | Reached XP level 1. HP: 19/19 MP: 0/0
   178 | D:1      | Reached XP level 2. HP: 27/27 MP: 1/1
   387 | D:1      | Reached skill level 4 in Axes
   533 | D:1      | Reached ** piety under Trog
   635 | D:1      | Reached XP level 3. HP: 31/33 MP: 2/2
   641 | D:1      | Found Ticwig's Weapon Emporium.
  1263 | D:2      | Reached XP level 4. HP: 36/40 MP: 3/3
  1879 | D:2      | Reached skill level 5 in Axes
  2140 | D:3      | Reached *** piety under Trog
  2289 | D:3      | Reached XP level 5. HP: 22/47 MP: 4/4
  3294 | D:4      | Reached skill level 6 in Axes
  3430 | D:4      | Reached skill level 5 in Fighting
  3430 | D:4      | Reached XP level 6. HP: 43/56 MP: 5/5
  3677 | D:4      | Found a runed translucent gate.
  3677 | D:4      | Found a runed translucent gate.
  3678 | D:4      | Found a runed translucent gate.
  3679 | D:4      | Noticed ratmeat3's ghost (amateur TrSh)
  4001 | D:5      | Entered Level 5 of the Dungeon
  4067 | D:4      | HP: 4/84 [poisoned by a gnoll]
  4070 | D:4      | HP: 1/56 [poisoned by a gnoll]
  4287 | D:5      | Reached skill level 7 in Axes
  4350 | D:5      | Reached XP level 7. HP: 20/61 MP: 6/6
  4696 | D:5      | Found a staircase to the Ecumenical Temple.
  4813 | D:5      | Reached skill level 8 in Axes
  5006 | D:5      | Reached skill level 5 in Dodging
  5276 | D:5      | Found Qiupeb's Distillery.
  5360 | D:5      | Bought a potion of heal wounds for 55 gold pieces
  5473 | D:5      | Bought a potion of haste for 110 gold pieces
  5489 | D:5      | Reached skill level 9 in Axes
  5500 | D:5      | Reached **** piety under Trog
  5858 | D:6      | Reached XP level 8. HP: 54/68 MP: 7/7
  5919 | D:6      | Reached skill level 10 in Axes
  5965 | D:6      | Reached skill level 11 in Axes
  6299 | D:6      | Found a glowing silver altar of Zin.
  6531 | D:6      | Found Geir's Weapon Shop.
  6629 | D:6      | Reached skill level 12 in Axes
  7095 | D:7      | Reached XP level 9. HP: 74/74 MP: 8/8
  7106 | D:7      | Reached skill level 13 in Axes
  7356 | D:7      | You fall into a shaft and drop 1 floor!
  7443 | D:7      | Reached skill level 14 in Axes
  7678 | D:7      | Found a bloodstained altar of Trog.
  7795 | D:7      | Found a shimmering altar of Xom.
  8265 | D:7      | Found a shimmering blue altar of Sif Muna.
  8437 | D:7      | Reached skill level 15 in Axes
  9015 | D:7      | Reached skill level 16 in Axes
  9015 | D:7      | Reached XP level 10. HP: 65/81 MP: 9/9
  9523 | D:8      | Found a staircase to the Lair.
  9911 | D:8      | Reached ***** piety under Trog
 10103 | Lair:1   | Entered Level 1 of the Lair of Beasts
 10103 | Lair:1   | Noticed an elephant
 10104 | Lair:1   | Noticed a black mamba
 10104 | Lair:1   | Noticed an elephant
 10113 | D:8      | Killed a black mamba
 11545 | D:9      | Reached skill level 5 in Armour
 11549 | D:9      | Reached skill level 10 in Fighting
 11729 | D:9      | Noticed Maurice
 11762 | D:9      | Killed Maurice
 11776 | D:9      | Found a shadowy altar of Dithmenos.
 12164 | D:10     | Entered Level 10 of the Dungeon
 12183 | D:9      | Reached XP level 11. HP: 96/101 MP: 10/10
 12403 | D:10     | Found Wuech's Book Shoppe.
 12818 | D:10     | Found a staircase to the Orcish Mines.
 13084 | D:10     | Found a stormy altar of Qazlal.
 13084 | D:10     | Found an iron altar of Okawaru.
 13084 | D:10     | Found an ancient bone altar of Kikubaaqudgha.
 13102 | D:10     | Found a white marble altar of Elyvilon.
 13622 | D:11     | Noticed Harold
 13649 | D:11     | Killed Harold
 13653 | D:11     | HP: 5/102 [poisoned by Harold]
 13988 | D:11     | Received a gift from Trog
 14503 | D:11     | Found a runed translucent door.
 14503 | D:11     | Noticed ratmeat3's ghost (journeyman TrSh)
 14525 | D:11     | Noticed a boulder beetle
 14844 | Lair:1   | Slain by an elephant

Illustrated notes

Levels and vault maps discovered:
D:1:      nzn_arrival_water_spiral, layout_basic, serial_shops, shop,
          st_stairs_4, minmay_shallow_snake_nest
D:2:      layout_basic, minmay_misc_feat_pillars
D:3:      layout_basic, roderic_serpentine_path, dreamdust_princess_corridor
D:4:      layout_basic, gammafunk_ghost_necromancy, minmay_fountain_box
D:5:      layout_gridville, minmay_temple_entry_ruins, serial_shops,
          nicolae_square_shop, guppyfry_early_lair_pool
D:6:      minmay_thinvault, layout_loops_cross, general_overflow_altar,
          serial_shops, nicolae_shop_bloodbath_and_beyond
D:7:      layout_cave_pools, tgw_xom, tgw_sif,
          mainiacjoe_overflow_six_doors_small, corexii_hall_statues_x
D:8:      layout_basic, lair_entry_dummy
D:9:      layout_loops_corners, nicolae_dithmenos_the_darkroom,
          serial_bayou_lake_a, uniq_maurice
D:10:     layout_layer_cave, lemuel_doored_altar,
          gammafunk_temple_overflow_forgotten, orc_0_dummy,
          nicolae_stop_n_shop_2
D:11:     layout_roguey, gammafunk_ghost_grave, uniq_harold
Lair:1:   layout_big_grid, grunt_megastairs_5

Skill      XL: |  1  2  3  4  5  6  7  8  9 10 11 |
---------------+----------------------------------+-----
Axes           | 4 5 6 7 9 12 16 | 16.0
Fighting       | 4 5 10 14 | 14.2
Armour         | 3 7 |  7.0
Dodging        | 3 4 5 |  5.0

Action                     |  1- 3 |  4- 6 |  7- 9 | 10-12 || total
---------------------------+-------+-------+-------+-------++-------
  Melee: Hand axe          |    83 |    56 |       |       ||   139
         Headbutt          |    10 |    19 |    52 |    59 ||   140
         War axe           |       |    75 |   250 |   302 ||   627
         Punch             |       |     1 |     3 |     6 ||    10
  Throw: Boomerang         |       |       |    42 |       ||    42
 Invoke: Berserk           |       |     1 |     2 |     2 ||     5
         Trog's Hand       |       |       |     1 |       ||     1
         Brothers in Arms  |       |       |       |     2 ||     2
    Use: Potion            |       |     1 |       |     1 ||     2
         Scroll            |       |       |     4 |     6 ||    10
   Stab: Sleeping          |     1 |       |       |       ||     1
 Armour: Animal skin       |     8 |       |       |       ||     8
         Ring mail         |    41 |    80 |    52 |       ||   173
         Chain mail        |       |       |   183 |    17 ||   200
         Plate armour      |       |       |       |   242 ||   242
  Dodge: Dodged            |    48 |    77 |   124 |    68 ||   317

Table legend: (Time is in decaauts)
 A = Elapsed time spent in this place.
 B = Non-inter-level travel time spent in this place.
 C = Inter-level travel time spent in this place.
 D = Time resting spent in this place.
 E = Time spent auto-exploring this place.
 F = Levels seen in this place.
 G = Mean time per level.
                   A        B        C        D        E       F      G
               +--------+--------+--------+--------+--------+-----+--------+
         Total |  14835 |  14183 |    652 |   2916 |   9038 |  12 | 1236.2 |
       Dungeon |  14811 |  14159 |    652 |   2916 |   9038 |  11 | 1346.5 |
          Lair |     24 |     24 |      0 |      0 |      0 |   1 |   24.0 |
               +--------+--------+--------+--------+--------+-----+--------+

Top non-repeatable levels by time:
     D:9: 1926 daAuts
     D:7: 1750 daAuts
     D:6: 1525 daAuts
     D:8: 1405 daAuts
     D:5: 1373 daAuts
    D:10: 1307 daAuts
     D:4: 1292 daAuts
    D:11: 1167 daAuts
     D:1: 1104 daAuts
     D:2: 1033 daAuts
     D:3: 923 daAuts
  Lair:1: 24 daAuts
